Map: [ESL] Babylon

Players

MaSa

  • Race: Terran Terran
  • Spawn Location: 11:00

trigger - Winner!

  • Race: Protoss Protoss
  • Spawn Location: 5:00

Event: ESL SC2 Masters 2023 Summer (Regionals)

VOD

Have the link to the VOD?

Description

Time

  • Played on: May 2, 2023, 3:09 p.m.
  • Length: 10:53

All games in this series

Show
View Real Time Build Order
Export as new Build Order

MaSa Terran 

Build Orders:  

Get SALT Encoding   

  12  0:00  SCV  
  13  0:12  SCV  
  14  0:17  Supply Depot  
  14  0:24  SCV  
  15  0:39  SCV  
  16  0:47  Barracks  
  16  0:50  Refinery  
  16  0:51  SCV  
  17  1:03  SCV  
  18  1:15  SCV  
  19  1:27  SCV  
  20  1:37  Marine  
  20  1:39  Orbital Command  
  21  1:48  Command Center  
  21  1:56  Supply Depot  
  21  1:57  Barracks Reactor  
  21  2:05  SCV  
  22  2:12  Factory  
  22  2:17  SCV  
  22  2:18  Refinery  
  23  2:29  SCV  
  24  2:33  Marine x2  
  26  2:42  SCV  
  27  2:51  Marine x2  
  27  2:54  SCV  
  30  3:01  Orbital Command  
  30  3:04  Factory Tech Lab  
  30  3:06  Starport, SCV  
  30  3:10  Marine x2  
  33  3:18  SCV  
  33  3:19  Barracks  
  35  3:27  SCV  
  35  3:30  SCV  
  35  3:31  Marine x2  
  35  3:32  Factory Tech Lab  
  37  3:39  SCV  
  38  3:42  SCV  
  39  3:51  SCV  
  39  3:54  SCV  
  39  3:55  Siege Tank  
  44  3:56  Raven  
  44  3:58  Supply Depot  
  46  4:04  Barracks  
  46  4:17  Bunker  
  46  4:18  Supply Depot  
  46  4:19  Marine x2  
  46  4:20  SCV x2  
  46  4:21  Barracks Tech Lab  
  50  4:27  Barracks  
  50  4:31  Siege Tank  
  50  4:32  SCV  
  54  4:40  SCV, Starport Reactor  
  54  4:43  Refinery, Supply Depot  
  54  4:44  Stimpack, SCV  
  54  4:45  Marine  
  57  4:49  Marine  
  57  4:52  SCV, Marine  
  59  4:56  SCV  
  59  4:58  Engineering Bay  
  61  5:03  Marine, Barracks Reactor  
  61  5:05  SCV  
  63  5:08  SCV  
  64  5:14  Marine  
  64  5:17  SCV, Siege Tank  
  64  5:19  Marine, Supply Depot  
  70  5:22  SCV  
  70  5:24  Marine x2  
  73  5:29  SCV  
  73  5:31  Terran Infantry Weapons Level 1  
  73  5:32  Marine, Supply Depot  
  73  5:34  SCV  
  76  5:37  Marine  
  76  5:42  Marine, Combat Shield  
  78  5:44  Marine  
  78  5:45  Supply Depot  
  78  5:49  Refinery  
  78  5:50  Marine x2  
  78  5:51  Barracks  
  78  5:52  Marine  
  78  5:56  Siege Tank  
  84  5:58  Marine  
  84  6:03  SCV  
  84  6:04  SCV  
  86  6:05  Marine x2  
  86  6:08  Marine, Medivac  
  91  6:11  Marine x2  
  91  6:15  Supply Depot  
  91  6:16  Marine  
  94  6:19  Medivac  
  94  6:23  Marine x2  
  98  6:25  Marine  
  98  6:26  Concussive Shells  
  98  6:29  Marine  
  100  6:35  Marine, Supply Depot  
  100  6:38  Supply Depot  
  100  6:39  Siege Tank  
  103  6:42  Marine  
  103  6:43  Marine x3  
  107  6:53  Medivac  
  109  6:57  Medivac  
  109  7:00  Marine x2  
  115  7:01  Marauder  
  115  7:08  Marine x2  
  115  7:09  Marine  
  115  7:12  Supply Depot  
  115  7:14  SCV x2  
  115  7:25  Viking  
  115  7:27  Viking  
  118  7:30  Marine  
  118  7:31  Marine x4  
  115  7:44  Marine x2  
  86  7:48  Marine  
  86  7:50  Marine x4  
  79  7:55  Medivac  
  79  7:57  Viking  
  78  8:01  Marine  
  78  8:02  Marine  
  78  8:04  Siege Tank  
  83  8:06  Marine  
  83  8:07  Marine  
  83  8:08  Marine  
  84  8:19  Marine x2  
  86  8:20  Marauder x2  
  86  8:22  Terran Infantry Armor Level 1  
  86  8:24  Marine  
  86  8:25  Marine, Medivac  
  86  8:27  Medivac  
  94  8:29  Marine  
  97  8:37  Marine x2, Siege Tank  
  104  8:41  Marauder  
  104  8:42  Marine  
  104  8:45  Marauder  
  104  8:47  Marine x2  
  109  8:55  Marine x2, Medivac  
  113  8:59  Marine  
  116  9:03  Marauder  
  116  9:05  Marine x2  
  116  9:06  Marauder  
  116  9:09  Siege Tank  
  123  9:13  Marine x2  
  121  9:17  Marine  
  121  9:23  Marine  
  122  9:24  Marauder  
  122  9:30  Marine  
  122  9:31  Marauder, Marine x2  
  124  9:35  Marine  
  124  9:41  Marine, Siege Tank  
  130  9:45  Marauder  
  130  9:46  Viking  
  130  9:47  Viking  
  130  9:52  Marine  
  134  9:53  Supply Depot x2  
  132  10:00  Marauder  
  132  10:03  Marine  
  134  10:14  Marine x3, Siege Tank  
  140  10:33  Marine x5  
Show
View Real Time Build Order
Export as new Build Order

trigger Protoss - Winner!

Build Orders: 1 Gate Expand, Blink Stalkers, Colossus Rush 

Get SALT Encoding   

  12  0:01  Probe  
  13  0:13  Probe  
  14  0:20  Pylon  
  14  0:25  Probe (Chrono Boost)  
  15  0:38  Probe (Chrono Boost)  
  15  0:39  Gateway  
  16  0:47  Probe (Chrono Boost)  
  17  0:50  Assimilator  
  17  0:54  Probe  
  18  1:06  Probe  
  19  1:18  Probe  
  19  1:28  Cybernetics Core  
  19  1:30  Probe  
  20  1:40  Nexus  
  20  1:48  Pylon  
  20  1:49  Probe  
  21  1:55  Assimilator  
  21  2:02  Probe  
  21  2:03  Adept (Chrono Boost)  
  21  2:08  Warp Gate  
  24  2:14  Probe  
  25  2:26  Probe  
  25  2:27  Stalker (Chrono Boost)  
  28  2:38  Probe  
  28  2:39  Twilight Council  
  29  2:50  Probe (Chrono Boost)  
  30  2:53  Probe (Chrono Boost)  
  31  3:05  Probe (Chrono Boost)  
  33  3:07  Gateway  
  33  3:08  Probe (Chrono Boost)  
  33  3:12  Probe (Chrono Boost)  
  34  3:15  Probe (Chrono Boost)  
  34  3:16  Blink (Chrono Boost)  
  34  3:19  Probe  
  35  3:27  Probe  
  37  3:31  Probe  
  37  3:33  Robotics Facility  
  38  3:39  Probe  
  39  3:43  Probe  
  39  3:46  Pylon  
  40  3:51  Probe  
  42  3:55  Probe  
  42  3:56  Stalker  
  44  4:03  Probe  
  44  4:05  Nexus  
  45  4:11  Stalker  
  45  4:12  Probe  
  45  4:15  Probe  
  47  4:17  Assimilator  
  47  4:18  Pylon  
  47  4:19  Assimilator  
  47  4:23  Observer (Chrono Boost)  
  48  4:24  Stalker  
  48  4:26  Probe  
  51  4:32  Probe  
  51  4:36  Robotics Bay  
  51  4:38  Probe  
  53  4:42  Pylon  
  53  4:44  Probe  
  53  4:45  Stalker  
  56  4:50  Probe  
  56  4:51  Observer  
  58  4:57  Gateway  
  58  4:58  Gateway  
  58  4:59  Probe  
  59  5:04  Probe  
  60  5:14  Probe (Chrono Boost), Charge (Chrono Boost)  
  60  5:16  Probe (Chrono Boost)  
  60  5:17  Probe (Chrono Boost)  
  60  5:19  Colossus (Chrono Boost)  
  63  5:26  Probe (Chrono Boost)  
  63  5:27  Probe (Chrono Boost)  
  63  5:28  Probe (Chrono Boost)  
  71  5:31  Probe (Chrono Boost)  
  71  5:34  Probe  
  72  5:35  Probe  
  72  5:40  Extended Thermal Lance  
  74  5:43  Probe  
  74  5:45  Gateway x2  
  74  5:46  Sentry  
  74  5:47  Zealot  
  74  5:49  Probe, Pylon  
  80  5:50  Probe  
  80  5:53  Shield Battery  
  81  6:04  Colossus (Chrono Boost)  
  81  6:10  Zealot x3  
  93  6:18  Pylon  
  93  6:22  Pylon  
  93  6:23  Gateway  
  93  6:28  Pylon  
  93  6:31  Phoenix, Gateway  
  93  6:40  Zealot x4  
  93  6:41  Sentry  
  93  6:42  Stalker  
  93  6:46  Colossus (Chrono Boost)  
  111  6:48  Forge  
  111  6:52  Pylon  
  109  7:02  Zealot x4  
  109  7:03  Pylon  
  109  7:04  Pylon  
  109  7:05  Templar Archives  
  109  7:06  Pylon  
  117  7:12  Zealot x2  
  117  7:24  Zealot x5  
  127  7:30  Immortal (Chrono Boost)  
  127  7:32  Zealot  
  127  7:41  Protoss Ground Weapons Level 1 (Chrono Boost)  
  127  7:44  Zealot x2  
  109  7:45  Zealot x3  
  109  7:46  Zealot x2  
  107  7:53  Zealot  
  107  8:04  Warp Prism (Chrono Boost), Observer  
  103  8:07  Nexus  
  103  8:09  High Templar x2, Pylon  
  103  8:10  High Templar  
  111  8:15  High Templar  
  111  8:16  Archon  
  111  8:19  Zealot, Archon  
  113  8:20  Probe, Zealot x3  
  113  8:21  Probe x2  
  122  8:33  Probe  
  123  8:34  Colossus  
  123  8:40  Zealot x3  
  135  8:41  Zealot  
  135  8:44  Shield Battery  
  135  8:47  Probe x2  
  139  8:48  Probe  
  139  8:55  Zealot x4  
  146  9:06  Stalker x3  
  146  9:25  Probe, Stalker x5  
  146  9:26  Probe  
  156  9:35  Probe x2  
  156  9:38  Pylon  
  156  9:48  Zealot x7  
  156  9:52  Pylon  
  170  9:55  Shield Battery  
  166  10:09  Zealot x7  
  179  10:21  Probe x2  
  177  10:34  Zealot x8  
Tags
 
Add a new tag
Caveats
  • Supply blocks, unpowered buildings, or Contaminate may cause inaccurate times.
  • Supply counts are checked every 10 seconds.